 Dungeon Crawl Stone Soup version 0.29-a0-338-g1ff7896281 (webtiles) character file.

Game seed: 16976488813899201864

123 spaghetti the Chopper (level 4, -1/35 (40) HPs)
             Began as a Deep Dwarf Chaos Knight on Apr 18, 2022.
             Was a Plaything of Xom.
             Slain by Duvessa
             ... wielding a +6 short sword of draining
              (10 damage)
             ... on level 4 of the Dungeon.
             The game lasted 00:04:47 (2139 turns).

spaghetti the Chopper (Deep Dwarf Chaos Knight)     Turns: 2139, Time: 00:04:48

HP:   -1/35 (40)    AC:  5    Str: 17    XL:     4   Next: 79%
MP:   3/3           EV: 11    Int: 15    God:    Xom [..*...]
Gold: 130           SH:  0    Dex: 14    Spells: 3/3 levels left

rFire   . . .      SeeInvis .   a - +0 hand axe (chaos) {axe}
rCold   . . .      Faith    .   (no shield)
rNeg    . . .      Spirit   .   b - +2 leather armour
rPois   .          Reflect  .   (no helmet)
rElec   .          Harm     .   m - scarf {shadows}
rCorr   .          Rampage  .   (no gloves)
Will    .....      Clarity  +   (no boots)
Stlth   +.........              (no amulet)
HPRegen 0.00/turn               (no ring)
MPRegen 0.08/turn               (no ring)

@: cleaving, heavily drained
A: damage resistance, heal wounds, sense surroundings 1, no regeneration, agile
1, clarity, clever 1, mutation resistance 1
a: Heal Wounds, Renounce Religion


You were on level 4 of the Dungeon.
You worshipped Xom.
You were a toy of Xom.
You visited 1 branch of the dungeon, and saw 4 of its levels.

You collected 130 gold pieces.


Innate Abilities, Weirdness & Mutations

You are resistant to damage.
You can heal yourself by infusing magical energy.
You passively map a small area around you.
You do not regenerate.
You are agile. (Dex +2)
You possess an exceptional clarity of mind.
Your mind is acute. (Int +2)
You are somewhat resistant to further mutation.


   Skills:
 - Level 2.6 Fighting
 + Level 4.7 Axes
 * Level 4.4 Armour
 - Level 1.1 Dodging


You had 3 spell levels left.
You didn't know any spells.
Your spell library contained the following spells:

 Spells                   Type           Power      Damage    Failure   Level
 Animate Skeleton         Necr           0%         N/A       32%         1
 Pain                     Necr           0%         1d4       32%         1
 Vampiric Draining        Necr           0%         2d6       67%         3

Inventory:

Hand Weapons
 a - a +0 hand axe of chaos (weapon) {axe}
Missiles
 f - 100 stones {throwing}
 j - 4 poisoned darts {throwing}
Armour
 b - a +2 leather armour (worn)
 m - a scarf of shadows (worn)
   (You found it on level 2 of the Dungeon)
Scrolls
 d - 3 scrolls of identify {unknown}
 g - a scroll of blinking {unknown}
 h - 2 scrolls of amnesia {unknown}
 i - a scroll of enchant weapon {unknown}
 k - 3 scrolls of teleportation {unknown}
Potions
 e - 2 potions of curing {@q1}
 l - a potion of mutation {!q}
Miscellaneous
 c - a piece from Xom's chessboard (15/15) (quivered)

Dungeon Overview and Level Annotations

Branches:
Dungeon (4/15)
 Temple: D:4-7

Altars:
Hepliaklqana
Trog

Annotations:
D:3 3 runed translucent doors, exclusion: door, Cecur's ghost, amateur DsGl
D:4 Dowan; Duvessa

* * * .... ,, *
###, *..... * ,
.... .#... * *
....######.J..
, ........!.S.
* ,
........#.#*, ,
, , ......eB..#
, , , *
......@ยง.## ,
,
.......l......,
.......e..##..
,, <.........#
, , ,
............ ,
..........##.
,, ,
#........## ,
,, ,


You could see Duvessa (berserk, drained), Dowan, an iguana, an adder, an
endoplasm (paralysed) and a giant cockroach.


Message History

You hit Duvessa but do no damage.
Duvessa is poisoned.
You hit the endoplasm but do no damage. You drain the endoplasm.
The endoplasm hits you but does no damage.
An iguana comes into view.
You hear a shout!
Unknown command.
Unknown command.
You completely miss Duvessa.
The iguana hisses angrily.
You hit the endoplasm but do no damage. The endoplasm completely misses you.
You hit the endoplasm but do no damage. The endoplasm closely misses you.
A giant cockroach comes into view.
You slash the endoplasm! You freeze the endoplasm.
You kill the endoplasm!
An endoplasm comes into view.
You hear an angry hiss.
Xom grants you a minor favour.
Your +0 hand axe of chaos {axe} looks sharp (like it always does).
The iguana closely misses you.
There is a stone staircase leading up here.
Unknown command.
Unknown command.
You hit the iguana but do no damage.
Space warps around the iguana.
Dowan smirks and points a slender finger.
The iguana bites you!
* * * LOW HITPOINT WARNING * * *
๐Ÿ˜ฑ HP[-12]
You take 12 damage, and now have 8/39 hp.
MASSIVE DAMAGE!! (PAUSE)
Okay, then.
You feel much better.
The iguana barely misses you. ๐Ÿ˜ฎ HP[+18]
You regained 18 hp, and now have 26/39 hp.
Unknown command.
Unknown command.
You slash the iguana! You burn the iguana. You hit Dowan.
Dowan's magic leaks into the air.
Dowan hits you with a +0 dagger. The iguana misses you.
The giant cockroach barely misses you.
You miss Dowan. You barely miss the iguana.
You hit the giant cockroach but do no damage.
You hear Xom's avuncular chuckle.
The endoplasm suddenly stops moving!
Dowan hits you but does no damage. The iguana closely misses you.
The giant cockroach bites you but does no damage.
Unknown command.
You barely miss the iguana.
You hit the giant cockroach but do no damage.
You barely miss Dowan. Dowan barely misses you. The iguana bites you!
* * * LOW HITPOINT WARNING * * *
The giant cockroach bites you.
* * * LOW HITPOINT WARNING * * *
Unknown command.
Unknown command.
Unknown command. ๐Ÿ˜จ HP[-10]
You take 10 damage, and now have 16/39 hp.
MASSIVE DAMAGE!! (PAUSE) Unknown command.
Unknown command.
You hit the iguana but do no damage. You hit Dowan.
You barely miss the giant cockroach.
Dowan points at you and mumbles some strange words.
The puff of flame hits you!
* * * LOW HITPOINT WARNING * * *
The iguana bites you.
The giant cockroach bites you but does no damage. ๐Ÿ˜จ HP[-5]
You take 5 damage, and now have 11/39 hp.
Unknown command.
You fail to use your ability.
Dowan gestures wildly while chanting.
Dowan blinks!
The iguana bites you but does no damage.
The giant cockroach bites you but does no damage.
Unknown command.
Unknown command.
You feel much better.
Dowan's magic is no longer disrupted.
The giant cockroach bites you but does no damage.
The iguana barely misses you.
Duvessa hits you with a +6 short sword of draining!
You feel drained.
An adder comes into view.
The giant cockroach bites you but does no damage. ๐Ÿ˜ฎ HP[+15]
You now have 37 max hp (-2).
You regained 15 hp, and now have 26/37 hp.
Unknown command.
Unknown command.
You barely miss the iguana.
You hit the giant cockroach but do no damage.
You hit Duvessa. You freeze Duvessa.
Duvessa hits you with a +6 short sword of draining!
* * * LOW HITPOINT WARNING * * *
You feel drained.
* * * LOW HITPOINT WARNING * * *
The iguana closely misses you.
The giant cockroach bites you but does no damage.
Duvessa hits you with a +6 short sword of draining!
You die...
Xom roars with laughter!

Skill      XL: |  1  2  3  4 |
---------------+-------------+-----
Axes           | 4 |  4.7
Armour         | 3 4 |  4.4
Fighting       | |  2.6
Dodging        | |  1.1

Action                   |  1- 3 |  4- 6 || total
-------------------------+-------+-------++-------
Melee: Hand axe          |   139 |    70 ||   209
       Punch             |     1 |       ||     1
 Abil: Heal Wounds       |       |     4 ||     4
  Use: Potion            |     4 |     1 ||     5
 Stab: Sleeping          |     1 |       ||     1
Armor: Leather armour    |    48 |    21 ||    69
       Skin              |     1 |       ||     1
Dodge: Dodged            |   103 |    38 ||   141

Levels and vault maps discovered:
D:1:      minmay_arrival_open_corners, layout_loops_ring, serial_rivers,
          chequers_serial_rivers_small_a, chequers_serial_rivers_large_a,
          chequers_serial_rivers_small_3, chequers_serial_rivers_micro_e,
          chequers_serial_rivers_micro_b, chequers_serial_rivers_micro_a,
          hellmonk_ecumenical_altar_lost_god
D:2:      layout_basic
D:3:      layout_basic, nicolae_hepliaklqana_hippocampus, tgw_trog,
          biasface_ghost_orc_armoury
D:4:      layout_rooms, mainiacjoe_overflow_catwalk,
          nicolae_dithmenos_the_darkroom, uniq_duvessa, uniq_grinder

Notes
Turn   | Place    | Note
-------+----------+-------------------------------------------
     0 | D:1      | spaghetti the Deep Dwarf Chaos Knight began the quest for
                  | the Orb.
     0 | D:1      | Reached XP level 1. HP: 20/20 MP: 1/1
     0 | D:1      | magus.rc [v1.9.6]
    53 | D:1      | Found a faded altar of an unknown god.
   165 | D:1      | Reached XP level 2. HP: 20/27 MP: 2/2
   183 | D:1      | Reached skill level 4 in Axes
   183 | D:1      | XOM: silly message
   252 | D:1      | XOM: silly message
   316 | D:1      | You pick up a book of Necromancy and begin reading...
   316 | D:1      | You add the spells Pain, Animate Skeleton and Vampiric
                  | Draining to your library.
   972 | D:2      | Reached skill level 3 in Armour
   972 | D:2      | Reached XP level 3. HP: 19/33 MP: 3/3
  1256 | D:2      | XOM: silly message
  1387 | D:3      | Noticed a moth of wrath
  1390 | D:3      | Found a bloodstained altar of Trog.
  1390 | D:3      | XOM: divination: detect items
  1432 | D:3      | Reached XP level 4. HP: 24/40 MP: 4/4
  1519 | D:3      | Found a runed translucent gate.
  1519 | D:3      | Found a runed translucent gate.
  1519 | D:3      | Found a runed translucent gate.
  1523 | D:3      | Identified the +1 ring mail "Duchamam" {Str+5}
  1523 | D:3      | Noticed Cecur's ghost (amateur DsGl)
  1750 | D:3      | HP: 5/40 [orc priest/divine providence (15)]
  1752 | D:3      | XOM: enchant monster (bad)
  1757 | D:3      | XOM: enchant monster (good)
  1791 | D:3      | Reached skill level 4 in Armour
  1808 | D:3      | Found a hazy altar of Hepliaklqana.
  2061 | D:3      | Gained mutation: You possess an exceptional clarity of
                  | mind. [potion of mutation]
  2061 | D:3      | Gained mutation: You are agile. (Dex +2) [potion of
                  | mutation]
  2061 | D:3      | Gained mutation: You are somewhat resistant to further
                  | mutation. [potion of mutation]
  2061 | D:3      | Gained mutation: Your mind is acute. (Int +2) [potion of
                  | mutation]
  2065 | D:3      | XOM: god gift: ring mail {god gift}
  2118 | D:4      | Noticed Duvessa
  2121 | D:4      | Noticed Dowan
  2130 | D:4      | XOM: cleaving
  2131 | D:4      | HP: 8/39 [iguana (12)]
  2134 | D:4      | XOM: enchant monster (good)
  2139 | D:4      | Slain by Duvessa

Vanquished Creatures
  An orc priest (D:3)
  2 adders
  A worm (D:3)
  3 orcs (D:3)
  11 ball pythons
  3 endoplasms
  2 giant cockroaches
  8 goblins
  7 hobgoblins
  2 jackals (D:2)
  2 quokkas
  5 bats
  4 frilled lizards
  6 kobolds
  11 rats
68 creatures vanquished.

Table legend:
 A = Non-vault XP
 B = Vault XP
 C = Vault XP percentage of total XP
 D = Non-vault monster count
 E = Vault monster count
 F = Vault count percentage of total count
                 A         B        C        D         E       F
            +---------+---------+-------+---------+---------+-------
      Total |     171 |       5 |   2.8 |      67 |       1 |   1.5
            +---------+---------+-------+---------+---------+-------
        D:1 |      28 |       0 |   0.0 |      19 |       0 |   0.0
        D:2 |      54 |       0 |   0.0 |      27 |       0 |   0.0
        D:3 |      85 |       5 |   5.6 |      19 |       1 |   5.0
        D:4 |       4 |       0 |   0.0 |       2 |       0 |   0.0
            +---------+---------+-------+---------+---------+-------

Illustrated notes

Table legend:
 A = Kills in this place as a percentage of kills in entire the game.
 B = Kills by you in this place as a percentage of kills by you in the entire game.
 C = Kills by friends in this place as a percentage of kills by friends in the entire game.
 D = Other kills in this place as a percentage of other kills in the entire game.
 E = Experience gained in this place as a percentage of experience gained in the entire game.
 F = Experience gained in this place divided by the number of levels of this place that you have seen.
                   A       B       C       D       E      F
               +-------+-------+-------+-------+-------+----------------------
         Total | 100.0 | 100.0 |   N/A | 100.0 | 100.0 |  44.0
       Dungeon | 100.0 | 100.0 |   N/A | 100.0 | 100.0 |  44.0
               +-------+-------+-------+-------+-------+----------------------

Table legend: (Time is in decaauts)
 A = Elapsed time spent in this place.
 B = Non-inter-level travel time spent in this place.
 C = Inter-level travel time spent in this place.
 D = Time resting spent in this place.
 E = Time spent auto-exploring this place.
 F = Levels seen in this place.
 G = Mean time per level.
                   A        B        C        D        E       F      G
               +--------+--------+--------+--------+--------+-----+--------+
         Total |   2165 |   2108 |     57 |    109 |   1521 |   4 |  541.2 |
       Dungeon |   2165 |   2108 |     57 |    109 |   1521 |   4 |  541.2 |
               +--------+--------+--------+--------+--------+-----+--------+

Top non-repeatable levels by time:
     D:2: 754 daAuts
     D:3: 749 daAuts
     D:1: 639 daAuts
     D:4: 21 daAuts
